AoeStats
← NDF

Arabia

504641435Analyzed
1v1 RM · 27d ago on Sep 6, 2026· 50m 37s· 2 players
Game mode
Random Map
Map size
Tiny (2 player)
Population
200
Speed
Normal
Resources
Standard
Victory
Conquest
Starting age
Dark Age
Ending age
Imperial Age
RankedLock teamsTeams togetherTeam positionsShared explorationLock speedFull tech treeHidden civsTurbo modeCheats
Victory
Defeat
🇦🇷 Franks · Argentina
494
+16
🇦🇷 Teutons · Argentina
485
-16
NDF
2:43 Loom
11:58 Feudal Age
14:26 Arson
21:05 Castle Age
19:31 Horse Collar
19:41 Double-Bit Axe
19:55 Gold Mining
20:50 Stone Mining
21:05 Padded Archer Armor
20:56 Fletching
21:18 Forging
21:09 Scale Mail Armor
23:40 Stone Shaft Mining
27:40 Heavy Plow
29:16 Bow Saw
29:30 Elite Skirmisher
32:33 Squires
31:54 Pikeman
33:46 Crossbowman
37:56 Wheelbarrow
37:26 Town Watch
42:05 Masonry
44:58 Imperial Age
45:54 Arrowslits
49:54 Man-at-Arms
Anduril
8:41 Loom
11:24 Feudal Age
13:21 Double-Bit Axe
15:59 Gold Mining
18:05 Stone Mining
20:16 Fletching
20:27 Padded Archer Armor
20:38 Forging
20:19 Town Watch
26:14 Castle Age
26:38 Scale Barding Armor
27:43 Husbandry
27:21 Pikeman
29:33 Crossbowman
33:55 Chain Barding Armor
33:31 Bodkin Arrow
34:13 Iron Casting
41:58 Imperial Age
39:29 Town Patrol
42:25 Leather Archer Armor
42:20 Cavalier
43:56 Conscription
45:38 Plate Barding Armor
46:04 Blast Furnace
48:13 Ballistics
48:04 Masonry
47:50 Murder Holes
49:07 Chemistry
Connection lost

Rejoining the realm…

Still unreachable

The connection could not be restored.

Session expired

The server has moved on; the page needs a fresh start.